 Dungeon Crawl Stone Soup version 0.31-a0-325-g067879e3d3 (webtiles) character file.

Game seed: 15795588119094045599

497 AdnanSaban the Covered (level 7, -8/44 HPs)
             Began as a Gargoyle Fighter on July 18, 2023.
             Mangled by an ogre
             ... wielding a +0 giant club
              (18 damage)
             ... on level 4 of the Dungeon.
             The game lasted 00:07:40 (3669 turns).

AdnanSaban the Covered (Gargoyle Fighter)           Turns: 3669, Time: 00:07:40

Health: -8/44      AC: 16    Str: 21    XL:     7   Next: 15%
Magic:  7/7        EV:  9    Int:  9    God:
Gold:   149        SH:  6    Dex:  9    Spells: 6/6 levels left

rFire   . . .        a - +0 flail
rCold   . . .        g - +2 buckler
rNeg    + . .        b - +0 scale mail
rPois   ∞            (no helmet)
rElec   +            (no cloak)
rCorr   .            (no gloves)
SInv    .            (no boots)
Will    .....        (no amulet) Stlth
                     q - +4 ring of protection
HPRegen 0.27/turn    (no ring)
MPRegen 0.10/turn

%: no passive effects
@: no status effects
A: sickness immunity, AC +4, negative energy resistance 1, electricity
resistance, torment resistance 1, petrification resistance
a: no special abilities


You were on level 4 of the Dungeon.
You visited 1 branch of the dungeon, and saw 5 of its levels.
You also visited: Sewer.

You collected 149 gold pieces.

Inventory:

Hand Weapons
 a - a +0 flail (weapon)
Armour
 b - a +0 scale mail (worn)
 g - a +2 buckler (worn)
Jewellery
 q - a +4 ring of protection (left hand)
Scrolls
 c - a scroll of butterflies {unknown}
 e - a scroll of amnesia {unknown}
 f - 12 scrolls of identify {unknown}
 h - a scroll of immolation {unknown}
 i - a scroll of brand weapon {unknown}
 j - 5 scrolls of vulnerability {unknown}
 k - a scroll of teleportation {unknown}
 l - a scroll of blinking {unknown}
 m - 3 scrolls of fog {unknown}
 r - a scroll of noise {unknown}
Potions
 d - a potion of might
 n - 3 potions of curing
 o - 2 potions of enlightenment
 p - a potion of heal wounds
 s - 2 potions of brilliance {unknown}


   Skills:
 + Level 4.4 Fighting
 + Level 5.1 Maces & Flails
 + Level 5.4 Armour
 + Level 4.3 Shields


You had 6 spell levels left.
You didn't know any spells.
Your spell library contained the following spells:

 Spells                   Type           Power      Damage    Failure   Level
 Sting                    Tmut/Pois      0%         1d3       77%         1
 Summon Small Mammal      Summ           0%         N/A       77%         1
 Poisonous Vapours        Pois/Air       0%         N/A       88%         2
 Call Canine Familiar     Summ           0%         N/A       98%         3
 Summon Guardian Golem    Hex/Summ       0%         N/A       98%         3
 Olgreb's Toxic Radiance  Pois           0%         N/A       100%        4


Dungeon Overview and Level Annotations

Branches:
Dungeon (5/15)              Sewer (visited)
 Temple: D:4-7

Altars:
Ashenzari
Cheibriados
Elyvilon
Gozag
Kikubaaqudgha
Uskayaw
Xom
Zin
The Shining One

Shops:
D:1 [   D:2 !

Annotations:
D:4 Pikel
D:5 Blork the orc


Innate Abilities, Weirdness & Mutations

You are immune to sickness and miasma.
Your stone body is resilient. (AC +4)
You are immune to poison.
You resist negative energy. (rN+)
You are resistant to electric shocks. (rElec)
You are resistant to unholy torment.
You are immune to petrification.


Message History

The scorpion stings you.
* * * LOW HITPOINT WARNING * * *
The scorpion attacks as you move away! The scorpion closely misses you.
The scorpion completely misses you. The scorpion attacks as you move away!
The scorpion stings you but does no damage.
An orc comes into view. It is wielding a +0 trident.
The orc shouts!
An orc comes into view. It is wielding a +0 hand axe.
An orc comes into view. It is wielding a +0 long sword.
The orc shouts!
You block the scorpion's attack. The scorpion attacks as you move away!
The scorpion closely misses you.
Found a club.
The scorpion attacks as you move away!
The scorpion stings you but does no damage.
Found a scroll labelled KEOCWU TAURCHOA.
The scorpion attacks as you move away! The scorpion stings you.
* * * LOW HITPOINT WARNING * * *
Blork the orc comes into view.
He is wielding a +0 glaive.
Blork the orc shouts!
The scorpion barely misses you.
You see here a scroll labelled KEOCWU TAURCHOA.
The scorpion attacks as you move away! The scorpion closely misses you.
The scorpion attacks as you move away!
The scorpion stings you but does no damage.
You block Blork the orc's attack.
The scorpion stings you but does no damage.
The scorpion attacks as you move away!
The scorpion stings you but does no damage.
The orc barely misses you. The orc attacks as you move away!
The orc hits you but does no damage. You block the orc's attack.
There is a stone staircase leading up here.
The orc hits you but does no damage. The orc completely misses you.
The orc hits you but does no damage. You block the scorpion's attack.
You climb upwards.
Level annotation: Pikel The ogre hits you with a +0 giant club!!
You die...

..#..#..#.# #.#
.....#....# #.#
.######.### #.#
....#...# #.#
......##### #.#
#.#.......# #.#
..#.#####.####.#
#.#.#####.....o###
.....)........oO@#
....†.........##s#
...#############o#######
...'....................
..(#############.#######
...# ###.# ...# ##...#
#### ######..###
#.........#


You could see an ogre, a scorpion and 3 orcs.

Vanquished Creatures
  2 kobold brigands (Sewer)
  A howler monkey (D:5)
  3 hounds
  An iguana (D:5)
  An orc wizard (D:2)
  7 adders
  An ufetubus (D:5)
  3 worms
  A dart slug (D:4)
  10 orcs
  8 ball pythons
  6 bats
  9 endoplasms
  3 giant cockroaches
  6 goblins
  5 hobgoblins
  2 jackals (Sewer)
  2 quokkas (D:1)
  A frilled lizard (D:2)
  13 kobolds
  7 rats
92 creatures vanquished.

Notes
Turn   | Place    | Note
-------+----------+-------------------------------------------
     0 | D:1      | AdnanSaban the Gargoyle Fighter began the quest for the
                  | Orb.
     0 | D:1      | Reached XP level 1. HP: 14/14 MP: 1/1
    69 | D:1      | Reached XP level 2. HP: 19/19 MP: 2/2
   106 | D:1      | Found a faded altar of an unknown god.
   622 | D:1      | Reached XP level 3. HP: 22/23 MP: 3/3
   633 | D:1      | Found Rezaon's Armour Shoppe.
   819 | D:2      | Found Ecompuxt's Distillery.
   940 | D:2      | Reached XP level 4. HP: 28/29 MP: 4/4
  1232 | D:2      | Found an opulent altar of Gozag.
  1639 | D:2      | Reached XP level 5. HP: 6/33 MP: 5/5
  2273 | D:3      | Found a white marble altar of Elyvilon.
  2273 | D:3      | Found an ancient bone altar of Kikubaaqudgha.
  2278 | D:3      | Found a glowing golden altar of the Shining One.
  2279 | D:3      | Found a broken altar of Ashenzari.
  2281 | D:3      | Found a shimmering altar of Xom.
  2282 | D:3      | Found a snail-covered altar of Cheibriados.
  2288 | D:3      | Found a glowing silver altar of Zin.
  2289 | D:3      | Found a hide-covered altar of Uskayaw.
  2411 | D:4      | Found a glowing drain.
  2421 | Sewer    | Entered a sewer
  2465 | Sewer    | Noticed a kobold brigand
  2529 | Sewer    | Killed a kobold brigand
  2530 | Sewer    | Reached XP level 6. HP: 12/38 MP: 6/6
  2696 | Sewer    | Reached skill level 5 in Armour
  2737 | Sewer    | Found a glowing silver altar of Zin.
  2993 | D:4      | Noticed Pikel
  3507 | D:5      | Entered Level 5 of the Dungeon
  3602 | D:5      | Reached XP level 7. HP: 25/44 MP: 7/7
  3612 | D:5      | Reached skill level 5 in Maces & Flails
  3660 | D:5      | Noticed Blork the orc
  3669 | D:4      | Mangled by an ogre

Illustrated notes

Levels and vault maps discovered:
D:1:      minmay_arrival_wavy_path, layout_loops_cross, serial_shops, shop,
          dreamdust_ecumenical_altar_statues
D:2:      layout_basic, serial_shops, shop, basic_altar, palyth_stone_intersect
D:3:      layout_basic, nicolae_overflow_hallway_of_the_gods, st_stairs_10
D:4:      layout_basic, cheibrodos_sewer_entry_drain,
          hangedman_abyss_or_decor_passed, uniq_pikel
D:5:      layout_cave_pools, minmay_temple_entry_enclosed_plants, minivault_1,
          uniq_blork_the_orc

Skill      XL: |  1  2  3  4  5  6  7 |
---------------+----------------------+-----
Maces & Flails | 3 4 5 |  5.1
Armour         | 4 5 |  5.4
Fighting       | 4 |  4.4
Shields        | 4 |  4.3

Action                     |  1- 3 |  4- 6 |  7- 9 || total
---------------------------+-------+-------+-------++-------
  Melee: Flail             |   106 |   297 |    21 ||   424
 Armour: Scale mail        |    49 |   176 |    18 ||   243
  Dodge: Dodged            |    42 |   124 |    20 ||   186
  Block: Buckler           |    42 |    85 |    12 ||   139

Table legend: (Time is in decaauts)
 A = Elapsed time spent in this place.
 B = Non-inter-level travel time spent in this place.
 C = Inter-level travel time spent in this place.
 D = Time resting spent in this place.
 E = Time spent auto-exploring this place.
 F = Levels seen in this place.
 G = Mean time per level.
                   A        B        C        D        E       F      G
               +--------+--------+--------+--------+--------+-----+--------+
         Total |   3838 |   3717 |    121 |    241 |   2307 |   6 |  639.7 |
       Dungeon |   3339 |   3218 |    121 |    153 |   2168 |   5 |  667.8 |
         Sewer |    498 |    498 |      0 |     88 |    138 |   1 |  498.0 |
               +--------+--------+--------+--------+--------+-----+--------+

Top non-repeatable levels by time:
     D:3: 922 daAuts
     D:1: 817 daAuts
     D:2: 762 daAuts
     D:4: 668 daAuts
   Sewer: 498 daAuts
     D:5: 168 daAuts
